 Dungeon Crawl Stone Soup version 0.29-a0-323-g050149af67 (webtiles) character file.

Game seed: 4382946202949687868

67 chopper the Skirmisher (level 4, -4/61 HPs)
             Began as a Minotaur Fighter on Apr 12, 2022.
             Slain by an orc
             ... wielding a +0 flail
              (7 damage)
             ... on level 2 of the Dungeon.
             The game lasted 00:09:01 (1819 turns).

chopper the Skirmisher (Minotaur Fighter)           Turns: 1819, Time: 00:09:02

Health: -4/61      AC: 22    Str: 20    XL:     4   Next: 0%
Magic:  3/3        EV:  2    Int:  5    God:
Gold:   132        SH:  5    Dex: 12    Spells: 3/3 levels left

rFire   . . .      SeeInvis .   a - +0 war axe
rCold   . . .      Faith    .   c - +0 buckler
rNeg    . . .      Spirit   .   (body armour currently unavailable)
rPois   +          Reflect  .   (helmet currently unavailable)
rElec   .          Harm     .   (cloak currently unavailable)
rCorr   .          Rampage  .   (gloves currently unavailable)
Will    +....      NoTele   +   (boots currently unavailable)
Stlth   +.........              (no amulet)
HPRegen 0.20/turn               i - ring of willpower
MPRegen 0.08/turn               l - ring of poison resistance

@: tree-form
A: stationary, stasis, torment immunity, boosted hp, (horns 2), (retaliatory
headbutt)
a: no special abilities


You were on level 2 of the Dungeon.
You were a tree.
You visited 1 branch of the dungeon, and saw 3 of its levels.

You collected 132 gold pieces.

Inventory:

Hand Weapons
 a - a +0 war axe (weapon)
Armour
 b - a +0 scale mail (melded)
 c - a +0 buckler (worn)
 e - a +0 pair of gloves (melded)
Jewellery
 i - a ring of willpower (left branch)
 l - a ring of poison resistance (right branch)
Scrolls
 f - a scroll of enchant armour {unknown}
 g - 3 scrolls of identify {unknown}
 m - 2 scrolls of teleportation {unknown}
 o - a scroll of noise {unknown}
Potions
 d - 2 potions of might
 h - a potion of berserk rage {unknown}
 j - a potion of invisibility {unknown}
 k - a potion of mutation {unknown}


   Skills:
 + Level 4.6 Fighting
 + Level 3.1 Axes
 + Level 4.3 Armour
 + Level 4.0 Shields


You had 3 spell levels left.
You didn't know any spells.
Your spell library was empty.

Dungeon Overview and Level Annotations

Branches:
Dungeon (3/15)

Altars:


Innate Abilities, Weirdness & Mutations

You are a tree.
Your roots penetrate the ground, keeping you stationary.
You cannot be teleported.
You are immune to unholy pain and torment.
Your maximum health is greatly increased.
Your equipment is partially melded.
((You have a pair of horns on your head.))
((You reflexively headbutt those who attack you in melee.))


Message History

You barely miss the orc. The orc closely misses you. The orc barely misses you.
You closely miss the orc. You headbutt the orc, but do no damage.
The orc closely misses you. The orc hits you but does no damage.
You barely miss the orc. The orc closely misses you. You furiously retaliate!
You headbutt the orc. The endoplasm freezes you.
You are frozen.
The orc priest hits you but does no damage.
You slash the orc!
You kill the orc!
You hit the orc priest. You closely miss the orc. You hit the endoplasm.
The orc priest hits you with a +0 short sword.
The orc hits you from afar with a +0 trident.
The endoplasm freezes you.
You are frozen.
The orc closely misses you. The orc barely misses you.
You have reached level 4!
You feel agile.
The orc priest calls down the wrath of Beogh upon you.
Beogh smites you!
* * * LOW HITPOINT WARNING * * *
The orc hits you but does no damage. The endoplasm freezes you.
You are frozen.
* * * LOW HITPOINT WARNING * * *
The orc hits you with a +0 flail.
* * * LOW HITPOINT WARNING * * *
The orc closely misses you.
You climb upwards.
There is a stone staircase leading down here.
You can't go up here!
It was a potion of lignification.
You turn into a tree.
Your +0 pair of gloves melds into your body.
Your +0 scale mail melds into your body.
Your roots penetrate the ground.
The endoplasm hits you but does no damage.
The orc hits you but does no damage.
The orc priest hits you but does no damage.
The endoplasm hits you but does no damage.
The orc hits you with a +0 flail!
You die...

############
###..........#
#...########.##########
####
#.#.......o.J.........#
...#
#...###...o♣...######.#
##.# ##..# #.####.#.#
#.# ##.####..###.#
#.#.# #.#
.............# #.#.#
#.######
##.#####.########.#.#
#....... #.# #.#
#...#.#### ########
##.#####.####
#.#.#.)..# ########
............#
#.#.####.# #.......
########.##.###.#.# #.#
#.######


You could see an orc priest, an orc and an endoplasm.

Vanquished Creatures
  3 adders (D:2)
  2 dart slugs
  An orc (D:3)
  A bat (D:2)
  5 giant cockroaches
  6 goblins
  4 hobgoblins
  3 quokkas (D:2)
  3 frilled lizards
  2 kobolds
  A rat (D:2)
31 creatures vanquished.

Notes
Turn   | Place    | Note
-------+----------+-------------------------------------------
     0 | D:1      | chopper the Minotaur Fighter began the quest for the Orb.
     0 | D:1      | Reached XP level 1. HP: 19/19 MP: 0/0
   244 | D:1      | Reached XP level 2. HP: 26/27 MP: 1/1
   772 | D:1      | Found a faded altar of an unknown god.
  1023 | D:2      | Reached XP level 3. HP: 17/33 MP: 2/2
  1816 | D:3      | Reached XP level 4. HP: 25/41 MP: 3/3
  1816 | D:3      | HP: 1/41 [orc/+0 flail (5)]
  1819 | D:2      | Slain by an orc

Illustrated notes

Levels and vault maps discovered:
D:1:      matt_arrival_los_fun, layout_loops_ring,
          shapermc_ecumenical_altar_venn, minmay_worlds_worst_comb
D:2:      layout_loops_ring, minmay_tetromino_i4
D:3:      layout_rooms, serial_glass, glass_columns_a, glass_columns_c,
          chequers_garden, uniq_sigmund, uniq_jessica

Skill      XL: |  1  2  3 |
---------------+----------+-----
Armour         | 4 |  4.3
Fighting       | 4 |  4.6
Shields        | 4 |  4.0
Axes           | 3 |  3.1

Action                   |  1- 3 |  4- 6 || total
-------------------------+-------+-------++-------
Melee: War axe           |    53 |       ||    53
       Headbutt          |     7 |       ||     7
  Use: Potion            |       |     1 ||     1
Armor: Scale mail        |    33 |     1 ||    34
       Skin              |       |     4 ||     4
Dodge: Dodged            |    39 |     1 ||    40
Block: Buckler           |    11 |       ||    11

Table legend: (Time is in decaauts)
 A = Elapsed time spent in this place.
 B = Non-inter-level travel time spent in this place.
 C = Inter-level travel time spent in this place.
 D = Time resting spent in this place.
 E = Time spent auto-exploring this place.
 F = Levels seen in this place.
 G = Mean time per level.
                   A        B        C        D        E       F      G
               +--------+--------+--------+--------+--------+-----+--------+
         Total |   1839 |   1839 |      0 |    130 |      0 |   3 |  613.0 |
       Dungeon |   1839 |   1839 |      0 |    130 |      0 |   3 |  613.0 |
               +--------+--------+--------+--------+--------+-----+--------+

Top non-repeatable levels by time:
     D:1: 979 daAuts
     D:2: 846 daAuts
     D:3: 13 daAuts
